Map: Ulrena

Players

LilDicky - Winner!

  • Race: Terran Terran
  • League: Diamond

sweetfreeze

  • Race: Protoss Protoss
  • League: Diamond

VOD

http://www.twitch.tv/tumescentpie

Description

Time

  • Played on: Dec. 12, 2015, 7:47 p.m.
  • Length: 8:09
Show
View Real Time Build Order
Export as new Build Order

LilDicky Terran - Winner!

Build Orders: MMM Bio 

Get SALT Encoding   

  12  0:01  SCV  
  13  0:13  SCV  
  14  0:18  Supply Depot  
  14  0:26  SCV  
  15  0:31  Refinery  
  15  0:40  SCV  
  16  0:46  Barracks  
  16  0:52  SCV  
  17  1:09  SCV  
  18  1:21  SCV  
  19  1:34  Supply Depot, Marine  
  19  1:36  Orbital Command  
  20  1:42  Factory  
  20  1:52  Marine  
  21  2:00  Barracks  
  21  2:05  SCV  
  22  2:12  Barracks  
  22  2:21  Barracks Reactor, SCV  
  23  2:25  Refinery  
  24  2:37  SCV  
  24  2:49  SCV  
  25  2:52  Supply Depot  
  25  3:01  Widow Mine  
  27  3:07  SCV  
  28  3:15  Barracks Tech Lab x2  
  28  3:19  SCV, Supply Depot  
  28  3:25  Marine x2  
  30  3:30  Widow Mine  
  30  3:31  SCV  
  33  3:42  Combat Shields, Marauder  
  33  3:43  SCV, Stimpack  
  33  3:44  Marine x3  
  39  3:53  Starport  
  38  4:01  Marine  
  38  4:02  Marine  
  27  4:10  Marine x2  
  27  4:17  SCV  
  27  4:19  Marine x2  
  30  4:25  Widow Mine  
  30  4:28  Marine  
  33  4:32  SCV  
  33  4:33  Marine  
  33  4:37  Marine x2  
  37  4:44  SCV  
  38  4:45  Marine  
  39  4:56  SCV  
  40  5:06  Marauder x2, Marine x2  
  44  5:07  Medivac  
  46  5:16  SCV  
  46  5:20  Supply Depot  
  47  5:28  Marine  
  47  5:29  Marine  
  47  5:34  Marauder  
  37  5:42  Marine  
  37  5:46  Marine  
  38  5:58  Marine x2  
  38  6:01  Marauder  
  42  6:10  Marine  
  41  6:42  Marine x3  
  41  6:46  SCV  
  32  7:25  Marine x4  
  34  7:40  SCV  
  34  7:42  Marine  
  34  7:43  Marine x2  
  36  7:49  Marine  
  37  7:52  SCV  
Show
View Real Time Build Order
Export as new Build Order

sweetfreeze Protoss 

Build Orders: Oracle Opening 

Get SALT Encoding   

  12  0:01  Probe (Chrono Boost)  
  13  0:12  Probe (Chrono Boost)  
  14  0:20  Pylon  
  14  0:23  Probe (Chrono Boost)  
  15  0:38  Probe (Chrono Boost)  
  16  0:48  Gateway  
  16  0:49  Probe (Chrono Boost)  
  17  0:50  Assimilator  
  17  0:54  Assimilator  
  17  1:13  Probe (Chrono Boost)  
  18  1:21  Pylon  
  18  1:24  Probe (Chrono Boost)  
  19  1:34  Probe (Chrono Boost)  
  19  1:36  Pylon  
  19  1:38  Cybernetics Core  
  20  1:45  Probe (Chrono Boost)  
  21  1:55  Probe (Chrono Boost)  
  22  2:06  Probe (Chrono Boost)  
  23  2:15  Stargate  
  25  2:34  Nexus  
  23  2:41  Mothership Core (Chrono Boost)  
  25  2:51  Pylon, Warp Gate  
  25  3:04  Oracle (Chrono Boost)  
  28  3:29  Fleet Beacon  
  28  3:30  Probe (Chrono Boost)  
  29  3:37  Pylon  
  26  3:41  Probe (Chrono Boost)  
  26  3:49  Forge  
  24  4:17  Probe x2 (Chrono Boost)  
  25  4:25  Photon Cannon  
  25  4:28  Probe x2 (Chrono Boost), Pylon  
  25  4:38  Pylon  
  23  5:09  Photon Cannon  
  23  5:11  Pylon  
  22  5:51  Photon Cannon  
  22  5:52  Photon Cannon  
  23  6:04  Probe x2 (Chrono Boost)  
  21  6:15  Probe x2 (Chrono Boost)  
  23  6:25  Probe x2 (Chrono Boost)  
  25  6:36  Probe (Chrono Boost), Pylon  
  26  6:57  Probe (Chrono Boost)  
  19  7:22  Pylon  
  11  7:37  Probe (Chrono Boost)  
  11  7:40  Pylon  
  11  7:41  Pylon  
  11  7:43  Pylon  
  12  7:45  Pylon  
  12  7:48  Probe (Chrono Boost)  
Tags
 
Add a new tag
Caveats
  • Supply blocks, unpowered buildings, or Contaminate may cause inaccurate times.
  • Supply counts are checked every 10 seconds.